 Dungeon Crawl Stone Soup version 0.21.1 (webtiles) character file.

766 pstr the Digger (level 7, -2/50 HPs)
             Began as a Naga Earth Elementalist on Feb 2, 2018.
             Was a Follower of Ashenzari.
             Slain by an orc warrior
             ... wielding a +0 dire flail
              (21 damage)
             ... on level 5 of the Dungeon.
             The game lasted 00:16:55 (6745 turns).

pstr the Digger (Naga Earth Elementalist)           Turns: 6745, Time: 00:16:56

Health: -2/50      AC:  7    Str: 10    XL:     7   Next: 82%
Magic:  8/14       EV: 10    Int: 17    God:    Ashenzari [*.....]
Gold:   303        SH:  0    Dex: 12    Spells: 11/15 levels left

rFire    + . .     SeeInvis +   r - -3 dagger (curse)
rCold    x . .     Gourm    .   (no shield)
rNeg     . . .     Faith    .   k - +0 leather armour (curse)
rPois    +         Spirit   .   b - +2 hat (curse)
rElec    .         Reflect  .   m - scarf {repulsion} (curse)
rCorr    .         Harm     .   f - +0 pair of gloves (curse)
MR       +....                  (no barding)
Stlth    +++.......             (no amulet)
HPRegen  0.16/turn              w - ring of stealth
MPRegen  0.14/turn              u - ring of fire

@: very slightly contaminated, repel missiles, very slow
A: large, see invisible, deformed body, frail 1, magic resistance 1, sense
surroundings 1, poison resistance, slowness 2, slow metabolism 1, spit poison 2,
AC +2
a: Breathe Poison Gas, Curse Item, Scrying, Renounce Religion


You were on level 5 of the Dungeon.
You worshipped Ashenzari.
Ashenzari was aware of your devotion.
You were very hungry.

You visited 1 branch of the dungeon, and saw 6 of its levels.

You collected 303 gold pieces.

Inventory:

Hand Weapons
 r - a cursed -3 dagger (weapon)
 v - a cursed -3 falchion
Missiles
 g - 32 arrows
 z - 9 stones (quivered)
Armour
 b - a cursed +2 hat (worn)
 c - a +0 robe
 f - a cursed +0 pair of gloves (worn)
 i - a +0 ring mail of magic resistance
 k - a cursed +0 leather armour (worn)
 m - a cursed scarf of repulsion (worn)
 B - a +0 cloak
Jewellery
 u - a ring of fire (right hand)
 w - a ring of stealth (left hand)
Wands
 A - a wand of polymorph (7)
Scrolls
 a - 8 scrolls of identify {unknown}
 l - 3 scrolls of magic mapping
 o - a scroll of random uselessness {unknown}
 s - 2 scrolls of teleportation {unknown}
 t - a scroll of enchant weapon {unknown}
 x - 3 scrolls of fog {unknown}
 y - a scroll of blinking {unknown}
Potions
 h - a potion of mutation
 j - 2 potions of flight
 n - a potion of brilliance {unknown}
 p - 3 potions of degeneration {unknown}
Books
 e - a book of Geomancy

   Spells                             Type                      Level
   a - Sandblast                      Earth                        1
   b - Passwall                       Transmutation/Earth          2
   c - Stone Arrow                    Conjuration/Earth            3
   d - Petrify                        Transmutation/Earth          4
   e - Lee's Rapid Deconstruction     Earth                        5
 q - a book of Air

   Spells                             Type                      Level
   a - Shock                          Conjuration/Air              1
   b - Swiftness                      Charms/Air                   2
   c - Static Discharge               Conjuration/Air              3
   d - Airstrike                      Air                          4
   e - Lightning Bolt                 Conjuration/Air              5
Comestibles
 d - 7 rations


   Skills:
 + Level 0.5 Fighting
 + Level 2.0 Armour
 + Level 2.1 Dodging
 + Level 4.0 Stealth
 + Level 4.7 Spellcasting
 + Level 2.2 Conjurations
   Level 1.0 Transmutations
 + Level 5.9 Earth Magic


You had 11 spell levels left.
You knew the following spells:

 Your Spells              Type           Power        Failure   Level  Hunger
a - Sandblast             Erth           ###...       1%          1    None
b - Stone Arrow           Conj/Erth      ###...       11%         3    ###....


Dungeon Overview and Level Annotations

Branches:
Dungeon (6/15)             Temple (0/1) D:5

Altars:
Ashenzari
Kikubaaqudgha
Qazlal
Trog
Vehumet
Yredelemnul
The Shining One


Innate Abilities, Weirdness & Mutations

You cannot wear boots.
Your serpentine skin is tough. (AC +2)
You have supernaturally acute eyesight. (SInv)
Armour fits poorly on your strangely shaped body.
Your system is resistant to poisons. (rPois)
You cover ground very slowly.
You have a slow metabolism.
You can exhale a cloud of poison.
You are frail. (-10% HP)
You are resistant to hostile enchantments. (MR+)
You passively map a small area around you.


Message History

Confirm with . or Enter, or press ? or * to list all spells.
Okay, then.
The orc warrior barely misses you. The orc warrior barely misses you.
Casting: Sandblast
Confirm with . or Enter, or press ? or * to list all spells.
Aiming: Sandblast
Press: ? - help, Shift-Dir - straight line, f - orc warrior
Aim: an orc warrior, wielding a dire flail and wearing a plate armour of magic resistance You miscast Sandblast.
Nothing appears to happen.
The orc warrior hits you but does no damage.
Casting: Sandblast
Confirm with . or Enter, or press ? or * to list all spells.
Aiming: Sandblast
Press: ? - help, Shift-Dir - straight line, f/p - orc warrior
Aim: an orc warrior, wielding a dire flail and wearing a plate armour of magic resistance The blast of sand hits the orc warrior.
z - 9 stones The orc warrior hits you with a dire flail!!
You die...

#..............#.#####.......#
#........<.....##.##........##
#............[.##.#..........#
#.............####............
#.............###..........#..
#............###...........###
#...........###............#
#...........##.............#
#.........>##@.............#
#.........##o##............#
#..........o###...........##
##.........###............#
##.......## #...........##
#####..## ##...........#
##.### #............# ##.##
#..........#.## # ###.##
##)......####.# #


You could see an orc warrior and an orc wizard.

Vanquished Creatures
  A phantom (D:4)
  A scorpion (D:4)
  A water moccasin skeleton (D:5)
  2 hounds (D:4)
  5 orc wizards (D:4)
  3 orc priests (D:4)
  2 worker ants (D:4)
  2 hound zombies
  A hound skeleton (D:4)
  12 adders
  A howler monkey skeleton (D:5)
  An ooze (D:4)
  An adder zombie (D:5)
  A worm (D:4)
  4 dart slugs
  2 leopard geckos
  7 orcs
  6 bats
  4 giant cockroaches
  7 goblins
  8 hobgoblins
  4 jackals (D:3)
  6 quokkas
  3 frilled lizards
  4 kobolds
  11 rats
100 creatures vanquished.

Notes
Turn   | Place    | Note
-------+----------+-------------------------------------------
     0 | D:1      | pstr the Naga Earth Elementalist began the quest for the Orb.
     0 | D:1      | Reached XP level 1. HP: 15/15 MP: 3/3
   366 | D:1      | Reached XP level 2. HP: 20/22 MP: 1/5
   821 | D:1      | Reached XP level 3. HP: 28/28 MP: 2/6
   826 | D:1      | Learned a level 3 spell: Stone Arrow
  1977 | D:2      | Reached skill level 4 in Earth Magic
  2083 | D:2      | Reached XP level 4. HP: 36/36 MP: 0/7
  2415 | D:3      | Found a stormy altar of Qazlal.
  2740 | D:3      | Reached skill level 1 in Conjurations
  2866 | D:3      | Found a shattered altar of Ashenzari.
  2875 | D:3      | Became a worshipper of Ashenzari the Shackled
  3017 | D:3      | Found a glowing golden altar of the Shining One.
  3027 | D:3      | Found a basalt altar of Yredelemnul.
  3031 | D:3      | Noticed an angel
  3040 | D:3      | Noticed a profane servitor
  3355 | D:3      | Reached XP level 5. HP: 42/42 MP: 6/9
  3598 | D:4      | Noticed a phantom
  3604 | D:4      | Killed a phantom
  3604 | D:4      | Reached XP level 6. HP: 42/49 MP: 3/11
  3729 | D:4      | Gained mutation: You can exhale a cloud of poison. [potion of mutation]
  3729 | D:4      | Gained mutation: You are frail. (-10% HP) [potion of mutation]
  3729 | D:4      | Gained mutation: You passively map a small area around you. [potion of mutation]
  3729 | D:4      | Gained mutation: You are resistant to hostile enchantments. (MR+) [potion of mutation]
  3760 | D:5      | Entered Level 5 of the Dungeon
  4058 | D:6      | Noticed a black bear
  4268 | D:4      | Reached skill level 5 in Earth Magic
  4384 | D:4      | Reached skill level 1 in Armour
  4460 | D:4      | Reached XP level 7. HP: 49/49 MP: 2/13
  5399 | D:4      | Found a radiant altar of Vehumet.
  5953 | D:4      | Found a bloodstained altar of Trog.
  5954 | D:4      | Found an ancient bone altar of Kikubaaqudgha.
  5989 | D:4      | You fall through a shaft!
  6102 | D:5      | Reached * piety under Ashenzari
  6599 | D:5      | Found a staircase to the Ecumenical Temple.
  6745 | D:5      | Slain by an orc warrior

Skill      XL: |  1  2  3  4  5  6  7 |
---------------+----------------------+-----
Earth Magic    | 4 5 |  5.9
Conjurations   | 1 2 |  2.2
Spellcasting   | 3 4 |  4.7
Armour         | 1 2 |  2.0
Stealth        | 4 |  4.0
Dodging        | 2 |  2.1
Fighting       | |  0.5
Transmutations | |  1.0

Action                   |  1- 3 |  4- 6 |  7- 9 || total
-------------------------+-------+-------+-------++-------
Melee: Dagger            |       |    10 |    15 ||    25
 Cast: Sandblast         |    32 |    57 |    23 ||   112
       Stone Arrow       |    11 |    22 |    35 ||    68
Invok: Curse Item        |       |     1 |     2 ||     3
 Abil: Spit Poison       |    11 |     6 |       ||    17
       Breathe Poison Ga |       |       |     5 ||     5
  Use: Potion            |       |     6 |       ||     6
       Scroll            |       |     2 |       ||     2
  Eat: Chunk             |     4 |     7 |     4 ||    15
       Ration            |       |     1 |     1 ||     2
Armor: Robe              |     5 |     9 |       ||    14
       Leather armour    |       |     8 |    15 ||    23
Dodge: Dodged            |    13 |    17 |    31 ||    61
       Deflected         |       |     2 |     1 ||     3
